 Dungeon Crawl Stone Soup version 0.28-a0-1613-gdaab1c2f9b (webtiles) character file.

Game seed: 7855122281998390764

32034 murtidash the Cleaver (level 14, -3/108 HPs)
             Began as a Formicid Abyssal Knight on Jan 21, 2022.
             Was an Elder of Lugonu.
             Slain by a death yak (23 damage)
             ... on level 5 of the Lair of Beasts.
             The game lasted 00:45:56 (22998 turns).

murtidash the Cleaver (Formicid Abyssal Knight)    Turns: 22998, Time: 00:45:56

Health: -3/108     AC: 14    Str: 23    XL:     14   Next: 0%
Magic:  22/22      EV: 34    Int: 10    God:    Lugonu [****..]
Gold:   784        SH:  6    Dex: 16    Spells: 13/13 levels left

rFire   + . .      SeeInvis +   b - +2 whip (elec)
rCold   . . .      Faith    .   E - +0 buckler
rNeg    . . .      Spirit   .   r - +4 scale mail of Foamy {rF+ Dex+5}
rPois   .          Reflect  .   (helmet unavailable)
rElec   .          Harm     .   (no cloak)
rCorr   .          Rampage  .   I - +0 pair of gloves
Will    +....                   K - +0 pair of boots
Stlth   ..........              q - amulet of the acrobat
HPRegen 0.28/turn               D - +4 ring of slaying
MPRegen 0.18/turn               o - +4 ring of evasion

@: acrobatic, studying Dodging
A: permanent stasis, dig shafts and tunnels, antennae 3, four strong arms
a: Dig, Shaft Self, Renounce Religion, Depart the Abyss, Bend Space, Banish,
Corrupt


You were on level 5 of the Lair of Beasts.
You worshipped Lugonu.
Lugonu was greatly pleased with you.
You visited 2 branches of the dungeon, and saw 16 of its levels.
You visited the Abyss 1 time.
You also visited: Sewer.

You collected 784 gold pieces.

Inventory:

Hand Weapons
 a - a +2 executioner's axe of electrocution
   (You acquired it on level 7 of the Dungeon)
 b - a +2 whip of electrocution (weapon)
   (You took it off a kobold on level 2 of the Dungeon)
 N - a +1 vorpal hand axe
Armour
 r - the +4 scale mail of Foamy (worn) {rF+ Dex+5}
   (You found it on level 8 of the Dungeon)

   Dex:       It affects your dexterity (+5).
   rF:        It protects you from fire.
 E - a +0 buckler (worn)
   (You took it off a gnoll shaman on level 3 of the Dungeon)
 I - a +0 pair of gloves (worn)
   (You found it on level 6 of the Dungeon)
 K - a +0 pair of boots (worn)
   (You found it on level 5 of the Lair of Beasts)
Magical Staves
 g - a staff of poison {rPois}
   (You found it on level 1 of the Dungeon)
 J - a staff of earth
   (You found it on level 7 of the Dungeon)
 Z - a staff of earth
   (You found it on level 4 of the Lair of Beasts)
Jewellery
 j - a ring of positive energy {rN+}
   (You found it on level 1 of the Dungeon)
 k - an amulet of magic regeneration
   (You found it on level 3 of the Dungeon)
 l - a +6 ring of strength
   (You found it on level 4 of the Lair of Beasts)
 n - a ring of wizardry {Wiz+, !d}
   (You found it on level 5 of the Lair of Beasts)
 o - a +4 ring of evasion (right hand)
   (You found it on level 3 of the Dungeon)
 q - an amulet of the acrobat (around neck)
   (You took it off a goblin on level 3 of the Dungeon)
 v - an amulet of guardian spirit {Spirit}
   (You found it on level 4 of the Dungeon)
 A - a ring of protection from cold {rC+, !d}
   (You found it on level 5 of the Dungeon)
 D - a +4 ring of slaying (left hand)
   (You found it on level 6 of the Dungeon)
 G - a ring of flight {+Fly, !d}
   (You found it on level 6 of the Dungeon)
 O - a +6 ring of dexterity
   (You found it on level 9 of the Dungeon)
Wands
 x - a wand of polymorph (10)
   (You found it on level 4 of the Dungeon)
 C - a wand of iceblast (2)
   (You found it on level 5 of the Dungeon)
 F - a wand of digging (8)
   (You found it on level 6 of the Dungeon)
 H - a wand of acid (6)
   (You found it on level 6 of the Dungeon)
 L - a wand of flame (52)
   (You found it on level 7 of the Dungeon)
 V - a wand of mindburst (6)
   (You found it on level 2 of the Lair of Beasts)
 X - a wand of charming (3)
   (You found it on level 3 of the Lair of Beasts)
Scrolls
 c - a scroll of vulnerability {unknown}
 i - 2 scrolls of magic mapping {unknown}
 m - 8 scrolls of enchant armour
 p - 3 scrolls of torment {!r}
 t - a scroll of brand weapon
 u - 2 scrolls of fear
 y - a scroll of immolation {unknown}
 B - 2 scrolls of fog
 P - a scroll of identify {@r1}
 Q - a scroll of amnesia
 T - 2 scrolls of holy word {unknown}
Potions
 d - a potion of heal wounds
 e - a potion of magic
 f - a potion of ambrosia
 h - 3 potions of curing
 s - a potion of flight
 w - a potion of might
 z - 3 potions of attraction {!q}
 M - a potion of brilliance {unknown}
 U - a potion of lignification {unknown}
 W - 2 potions of invisibility
Miscellaneous
 Y - a phantom mirror
   (You found it on level 4 of the Lair of Beasts)


   Skills:
 + Level 9.3 Fighting
 * Level 13.9 Axes
 - Level 7.0 Armour
 - Level 10.0 Dodging
 - Level 7.5 Shields
 + Level 11.5 Invocations
 - Level 7.1 Evocations


You had 13 spell levels left.
You didn't know any spells.
Your spell library contained the following spells:

 Spells                   Type           Power      Damage    Failure   Level
 Foxfire                  Conj/Fire      0%         2x1d4     71%         1
 Magic Dart               Conj           0%         1d3       71%         1
 Shock                    Conj/Air       0%         1d3       71%         1
 Slow                     Hex            0%         N/A       71%         1
 Summon Small Mammal      Summ           0%         N/A       71%         1
 Corpse Rot               Necr/Air       0%         N/A       83%         2
 Searing Ray              Conj           0%         2d4       83%         2
 Confusing Touch          Hex            0%         N/A       97%         3
 Conjure Flame            Conj/Fire      0%         6-21      97%         3
 Gell's Gravitas          Tloc           0%         N/A       97%         3
 Ignite Poison            Fire/Tmut/Pois 0%         N/A       97%         3
 Inner Flame              Hex/Fire       0%         N/A       97%         3
 Lesser Beckoning         Tloc           0%         N/A       97%         3
 Mephitic Cloud           Conj/Pois/Air  0%         N/A       97%         3
 Portal Projectile        Hex/Tloc       0%         N/A       97%         3
 Teleport Other           Tloc           0%         N/A       97%         3
 Vampiric Draining        Necr           0%         2d6       97%         3
 Dispel Undead            Necr           0%         3d6       100%        4
 Flame Wave               Conj/Fire      0%         2d4       100%        4
 Fulminant Prism          Conj/Hex       0%         3d6       100%        4
 Iskenderun's Mystic Bla  Conj/Tloc      0%         2d3       100%        4
 Blade Hands              Tmut           0%         N/A       100%        5
 Excruciating Wounds      Necr           0%         N/A       100%        5
 Freezing Cloud           Conj/Ice/Air   0%         6-21      100%        5
 Lee's Rapid Deconstruct  Erth           0%         3d5*      100%        5
 Yara's Violent Unravell  Hex/Tmut       0%         3d3       100%        5
 Death Channel            Necr           0%         N/A       100%        6
 Enfeeble                 Hex            0%         N/A       100%        7
 Malign Gateway           Summ/Tloc      0%         N/A       100%        7
 Borgnjor's Revivificati  Necr           0%         N/A       100%        8
 Necromutation            Tmut/Necr      0%         N/A       100%        8
 Death's Door             Necr           0%         N/A       100%        9


Dungeon Overview and Level Annotations

Branches:
Dungeon (10/15)            Temple (0/1) D:7            Lair (6/6) D:9
  Swamp (0/4) Lair:3        Snake (0/4) Lair:4        Sewer (visited)
  Slime: Lair:5-6       Orc: D:9-12

Altars:
Dithmenos
Hepliaklqana
Okawaru
Sif Muna
Uskayaw
Vehumet
Yredelemnul

Annotations:
D:7 4 runed translucent doors
Abyss:1 Harold, Joseph, Nessos, Snorg, Urug


Innate Abilities, Weirdness & Mutations

You cannot be hasted, slowed, berserked, paralysed or teleported.
You can dig through walls and to a lower floor.
You have a pair of large antennae on your head. (SInv)
Your four strong arms can wield two-handed weapons with a shield.


Message History

The black mamba bites you but does no damage.
You block the water moccasin's attack.
You miss the black mamba. The black mamba barely misses you.
The water moccasin bites you but does no damage.
The black mamba completely misses you.
You whack the black mamba!
The water moccasin completely misses you.
The black mamba closely misses you.
You barely miss the black mamba. The water moccasin misses you.
The black mamba closely misses you.
You closely miss the black mamba. You block the water moccasin's attack.
The black mamba bites you.
* * * LOW HITPOINT WARNING * * *
You take 1 damage, and have 22/101 hp.
You closely miss the black mamba. The black mamba bites you.
* * * LOW HITPOINT WARNING * * *
The water moccasin bites you but does no damage.
You take 1 damage, and have 21/101 hp.
You miss the black mamba. The black mamba closely misses you.
The water moccasin barely misses you.
You hit the black mamba. The black mamba barely misses you.
The water moccasin bites you but does no damage.
The black mamba closely misses you.
You whack the black mamba!
You kill the black mamba!
Lugonu accepts your kill. The water moccasin closely misses you.
You miss the water moccasin. The water moccasin closely misses you.
You miss the water moccasin. You block the water moccasin's attack.
You whack the water moccasin!
The water moccasin bites you but does no damage.
You closely miss the water moccasin.
The water moccasin bites you but does no damage.
You hit the water moccasin.
Lightning courses through the water moccasin!!
You kill the water moccasin!
Lugonu accepts your kill.
You start resting.
A water moccasin comes into view.
The water moccasin moves out of view.
You regained 16 hp, and now have 38/101 hp.
You start resting.
A water moccasin is nearby!
You regained 4 hp, and now have 42/101 hp.
The water moccasin hisses angrily.
You closely miss the water moccasin. The water moccasin bites you.
You are poisoned.
The water moccasin poisons you!
You take 4 damage, and have 39/101 hp.
You hit the water moccasin.
You feel sick. The water moccasin closely misses you.
You take 1 damage, and have 38/101 hp.
You whack the water moccasin!
You feel sick.
You take 2 damage, and have 36/101 hp.
You miss the water moccasin.
You feel sick. The water moccasin bites you.
* * * LOW HITPOINT WARNING * * *
You take 6 damage, and have 30/101 hp.
You whack the water moccasin!
You feel sick.
The water moccasin completely misses you.
You take 1 damage, and have 29/101 hp.
You closely miss the water moccasin.
You feel sick. You block the water moccasin's attack.
You take 1 damage, and have 28/101 hp.
You hit the water moccasin.
You kill the water moccasin!
Lugonu accepts your kill.
You feel sick.
You have reached level 14!
MP restored: 22 You start resting.
You feel sick.
You take 1 damage, and have 28/108 hp.
You start resting.
You feel sick.
You take 1 damage, and have 27/108 hp.
You start resting.
You feel sick.
You take 1 damage, and have 26/108 hp.
You start resting.
You feel sick.
You take 1 damage, and have 25/108 hp.
You start resting.
You feel sick.
You are no longer poisoned.
You start resting.
A jelly comes into view.
You regained 10 hp, and now have 35/108 hp.
The jelly quivers.
An elephant comes into view.
The elephant trumpets!
You hear a trumpeting!
The jelly jiggles.
You hit the jelly. Lightning courses through the jelly!
You kill the jelly!
Lugonu accepts your kill.
You climb upwards.
The death yak gores you!
* * * LOW HITPOINT WARNING * * *
The death yak gores you!
* * * LOW HITPOINT WARNING * * *
There is a stone staircase leading down, spattered with blood here.
You take 20 damage, and have 17/108 hp.
Space bends sharply around you!
The death yak blinks!
You blink.
You take 2 damage, and have 16/108 hp.
You now have 21/22 mp.
MP restored: 22 The death yak gores you!!
You die...

###≈...................P..
♣♣♣♣♣≈≈................>..PP..
♣♣P≈≈≈≈≈≈≈≈≈.......Y...........
♣≈≈≈≈≈≈≈≈≈≈≈.......).##....>...
♣♣≈≈≈≈≈≈≈≈≈≈........####........
♣♣≈≈≈≈≈≈≈≈≈≈≈........#P#P.#......
♣≈≈≈≈≈≈≈≈≈≈≈≈....................
♣≈≈≈≈≈≈≈≈≈≈≈.....Y...............
♣≈≈≈≈≈≈≈≈≈≈≈≈...@................
♣≈≈≈≈≈≈≈≈≈≈≈≈....................
♣♣PP≈≈≈≈≈≈≈≈≈....................
♣♣♣≈≈≈≈≈≈≈≈≈≈..P................
♣♣♣≈≈≈≈≈≈≈≈...................
♣♣♣≈≈≈≈#≈...................
♣#≈#≈#............†.......
######...#.P.............
#...####.........#.##


You could see 2 death yaks.

Vanquished Creatures
  5 hydras
  A two-headed ogre (D:8)
  3 death yaks
  6 black mambas
  5 elephants
  2 torpor snails
  An unseen horror (D:10)
  3 cane toads
  5 komodo dragons
  A rime drake (Lair:5)
  A polar bear (Lair:4)
  Grinder (D:4)
  A tyrant leech (Lair:3)
  4 wyverns
  A shadow (D:9)
  Eustachio (D:4)
  42 yaks
  4 basilisks
  3 steam dragons
  A swamp worm (Lair:3)
  Edmund (D:4)
  2 nagas (Lair:4)
  Duvessa (D:4)
  13 water moccasins
  A black bear (Lair:3)
  2 orc warriors
  An ice beast (D:5)
  A necrophage (D:5)
  4 ogres
  4 boggarts (Lair:4)
  2 centaurs
  3 phantoms
  15 wolves
  A kobold brigand (D:8)
  9 bullfrogs
  3 gnoll sergeants
  5 scorpions
  A water moccasin zombie (D:5)
  Dowan (D:4)
  4 killer bees (D:9)
  An electric eel (Lair:5)
  A centaur zombie (D:3)
  4 hounds
  3 jellies
  A bullfrog skeleton (D:4)
  2 gnoll shamans
  2 orc priests
  A centaur skeleton (D:7)
  2 iguanas
  Terence (D:3)
  Natasha (thrice) (D:3)
  4 orc wizards
  A hell rat (Sewer)
  A killer bee zombie (D:7)
  A hound skeleton (D:5)
  9 adders
  17 gnolls
  3 river rats (Sewer)
  2 white imps
  2 worms
  A dart slug (D:2)
  19 orcs
  4 ball pythons
  5 bats
  6 endoplasms
  8 giant cockroaches
  8 goblins
  7 hobgoblins
  3 jackals (D:4)
  7 quokkas
  5 frilled lizards
  9 kobolds
  16 rats
324 creatures vanquished.

Vanquished Creatures (others)
  32 fungi
  61 plants
  2 withered plants (Lair:6)
95 creatures vanquished.

Grand Total: 419 creatures vanquished

Notes
Turn   | Place    | Note
-------+----------+-------------------------------------------
     0 | Abyss:1  | murtidash the Formicid Abyssal Knight began the quest for
                  | the Orb.
     0 | Abyss:1  | Reached XP level 1. HP: 18/18 MP: 2/2
    55 | Abyss:1  | Noticed a wraith
    57 | D:1      | Escaped the Abyss
   138 | D:1      | Reached skill level 1 in Dodging
   451 | D:1      | Reached XP level 2. HP: 19/24 MP: 3/3
  1057 | D:2      | Reached * piety under Lugonu
  1062 | D:2      | Reached XP level 3. HP: 25/29 MP: 4/4
  1646 | D:2      | Reached XP level 4. HP: 36/36 MP: 6/6
  1730 | D:2      | Found a faded altar of an unknown god.
  1740 | D:2      | Reached skill level 3 in Axes
  2184 | D:3      | Noticed Natasha
  2190 | D:3      | Killed Natasha
  2190 | D:3      | Reached ** piety under Lugonu
  2191 | D:3      | Reached skill level 3 in Invocations
  2191 | D:3      | Reached XP level 5. HP: 33/42 MP: 7/7
  2195 | D:3      | Reached skill level 3 in Armour
  2226 | D:3      | Noticed Terence
  2251 | D:3      | HP: 7/42 [Terence (5)]
  2253 | D:3      | Killed Terence
  2254 | D:3      | Reached skill level 4 in Fighting
  2262 | D:3      | Reached skill level 2 in Dodging
  2439 | D:3      | Noticed Natasha
  2447 | D:3      | Killed Natasha
  2448 | D:3      | Reached XP level 6. HP: 41/48 MP: 8/8
  2537 | D:3      | Found a glowing drain.
  2564 | Sewer    | Entered a sewer
  2688 | Sewer    | Reached skill level 4 in Axes
  2942 | D:3      | Noticed Natasha
  2953 | D:3      | Killed Natasha
  3373 | D:4      | Reached *** piety under Lugonu
  3606 | D:3      | Reached XP level 7. HP: 25/55 MP: 9/9
  3918 | D:4      | Noticed Duvessa
  3918 | D:4      | Noticed Dowan
  3925 | D:4      | Killed Duvessa
  3927 | D:4      | Killed Dowan
  3928 | D:4      | Reached skill level 4 in Invocations
  4021 | D:4      | Found a basalt altar of Yredelemnul.
  4064 | D:4      | Noticed Eustachio
  4089 | D:4      | Killed Eustachio
  4090 | D:4      | Reached skill level 5 in Axes
  4090 | D:4      | Reached skill level 4 in Armour
  4090 | D:4      | Reached skill level 3 in Dodging
  4090 | D:4      | Reached XP level 8. HP: 57/61 MP: 11/11
  4186 | D:4      | Reached skill level 5 in Fighting
  4309 | D:4      | Noticed Grinder
  4333 | D:4      | Killed Grinder
  4531 | D:4      | Found a shadowy altar of Dithmenos.
  4531 | D:4      | Noticed Edmund
  4549 | D:4      | Killed Edmund
  4551 | D:4      | Reached skill level 6 in Axes
  4551 | D:4      | Reached skill level 5 in Invocations
  4873 | D:4      | Found an iron altar of Okawaru.
  4996 | D:5      | Entered Level 5 of the Dungeon
  5364 | D:5      | Reached skill level 5 in Armour
  5364 | D:5      | Reached XP level 9. HP: 56/69 MP: 11/13
  5631 | D:5      | Reached skill level 4 in Dodging
  5946 | D:5      | Reached skill level 6 in Fighting
  6074 | D:6      | Noticed a komodo dragon
  6084 | D:6      | HP: 13/69 [komodo dragon (23)]
  6090 | D:6      | Killed a komodo dragon
  6091 | D:6      | Reached skill level 7 in Axes
  6091 | D:6      | Reached skill level 1 in Evocations
  6296 | D:6      | Reached skill level 6 in Invocations
  6304 | D:6      | Reached **** piety under Lugonu
  6668 | D:6      | Reached skill level 1 in Shields
  6668 | D:6      | Reached skill level 2 in Evocations
  7447 | D:7      | Found a huge runed translucent gate.
  7447 | D:7      | Found a huge runed translucent gate.
  7448 | D:7      | Found a huge runed translucent gate.
  7448 | D:7      | Noticed a polar bear
  7449 | D:7      | Found a huge runed translucent gate.
  7449 | D:7      | Noticed a polar bear
  7449 | D:7      | Noticed a polar bear
  7512 | D:7      | Reached XP level 10. HP: 34/77 MP: 14/14
  7992 | D:7      | Found a radiant altar of Vehumet.
  7995 | D:7      | Found a hazy altar of Hepliaklqana.
  8032 | D:7      | Reached skill level 2 in Shields
  8037 | D:7      | Reached skill level 6 in Armour
  8412 | D:7      | Found a staircase to the Ecumenical Temple.
  8505 | D:7      | Identified 2 scrolls of acquirement
  8505 | D:7      | Acquired a +1 executioner's axe of electrocution
  8507 | D:7      | Acquired a manual of Dodging
  8518 | D:8      | Found a shimmering blue altar of Sif Muna.
  8641 | D:8      | Identified the +4 scale mail of Foamy {rF+ Dex+5}
  8771 | D:8      | Reached skill level 8 in Axes
  8771 | D:8      | Reached skill level 5 in Dodging
  8771 | D:8      | Reached skill level 3 in Evocations
  8941 | D:8      | Got the Collected Works on the Traveller and Toxins
  8948 | D:8      | Noticed Harold
  9465 | D:8      | Banished Harold
  9466 | D:8      | Reached skill level 7 in Fighting
  9466 | D:8      | Reached skill level 3 in Shields
  9466 | D:8      | Reached skill level 7 in Invocations
 10336 | D:8      | Reached skill level 4 in Evocations
 10478 | D:9      | Noticed a two-headed ogre
 10494 | D:8      | Killed a two-headed ogre
 10495 | D:8      | Reached skill level 9 in Axes
 10495 | D:8      | Reached skill level 4 in Shields
 10953 | D:9      | Reached XP level 11. HP: 75/84 MP: 16/16
 11072 | D:9      | Reached skill level 6 in Dodging
 11083 | D:9      | Reached skill level 8 in Invocations
 11375 | D:9      | Found a staircase to the Lair.
 11449 | D:9      | Reached skill level 5 in Shields
 11516 | D:9      | Reached skill level 5 in Evocations
 11552 | D:9      | Got An Introduction to Hermeneutics
 11687 | D:9      | Identified the ring "Xecex" {MP+9 Str-4 Dex+4}
 11916 | D:9      | Found a hide-covered altar of Uskayaw.
 11925 | D:9      | Noticed Joseph
 11926 | D:9      | Banished Joseph
 12123 | D:10     | Entered Level 10 of the Dungeon
 12162 | Lair:1   | Entered Level 1 of the Lair of Beasts
 12346 | Lair:1   | Reached skill level 10 in Axes
 12529 | Lair:1   | Reached skill level 7 in Dodging
 12883 | Lair:1   | Reached ***** piety under Lugonu
 12884 | Lair:1   | Reached skill level 6 in Shields
 12939 | Lair:1   | Reached skill level 9 in Invocations
 12939 | Lair:1   | Reached skill level 6 in Evocations
 12946 | Lair:1   | Noticed a boulder beetle
 13141 | Lair:1   | Identified the +0 robe of Susukhlo {Str+3 Dex+2}
 13293 | Lair:1   | Banished a boulder beetle
 13294 | Lair:1   | Reached XP level 12. HP: 91/91 MP: 13/18
 14538 | Lair:2   | Reached skill level 11 in Axes
 14538 | Lair:2   | Reached skill level 8 in Dodging
 14544 | Lair:2   | HP: 18/91 [poisoned by a cane toad]
 15215 | Lair:3   | Reached skill level 7 in Shields
 15398 | Lair:3   | Noticed a seven-headed hydra
 15430 | Lair:2   | Banished a seven-headed hydra
 15863 | Lair:3   | Noticed a four-headed hydra
 15882 | Lair:2   | HP: 18/91 [poisoned by a cane toad]
 16263 | Lair:3   | Killed a four-headed hydra
 16327 | Lair:3   | Reached skill level 7 in Evocations
 17028 | Lair:3   | Found a staircase to the Swamp.
 17375 | Lair:4   | Found a staircase to the Snake Pit.
 17400 | Lair:4   | Reached skill level 9 in Dodging
 17420 | Lair:4   | Reached skill level 10 in Invocations
 17527 | Lair:4   | Identified the +0 leather armour "Jotecrar" {rPois}
 18332 | Lair:4   | Reached skill level 12 in Axes
 18874 | Lair:5   | Noticed Snorg
 18890 | Lair:4   | Banished Snorg
 18891 | Lair:4   | Reached XP level 13. HP: 22/96 MP: 6/20
 19994 | Lair:5   | Reached skill level 7 in Armour
 20079 | Lair:5   | Reached skill level 8 in Fighting
 20079 | Lair:5   | Reached skill level 10 in Dodging
 20319 | Lair:5   | Noticed a four-headed hydra
 20345 | Lair:5   | Killed a four-headed hydra
 20484 | Lair:5   | Noticed Urug
 20485 | Lair:5   | Banished Urug
 20488 | Lair:5   | Noticed Nessos
 20503 | Lair:5   | Banished Nessos
 20504 | Lair:5   | Reached skill level 13 in Axes
 20781 | Lair:5   | Noticed a five-headed hydra
 20796 | Lair:5   | Killed a five-headed hydra
 21112 | Lair:5   | Noticed a four-headed hydra
 21126 | Lair:5   | Killed a four-headed hydra
 21127 | Lair:5   | Reached skill level 11 in Invocations
 21483 | Lair:6   | Entered Level 6 of the Lair of Beasts
 22058 | Lair:6   | Reached skill level 9 in Fighting
 22252 | Lair:6   | Noticed a six-headed hydra
 22282 | Lair:6   | Killed a six-headed hydra
 22806 | Lair:6   | HP: 18/101 [poisoned by a black mamba]
 22930 | Lair:6   | Reached XP level 14. HP: 29/108 MP: 22/22
 22981 | Lair:5   | HP: 17/108 [death yak (13)]
 22998 | Lair:5   | Slain by a death yak

Illustrated notes

Levels and vault maps discovered:
D:1:      lightli_arrival_windingriver, layout_rooms, minmay_crystal_room,
          minmay_misc_feat_plants
D:2:      layout_basic, chequers_ecumenical_altar_simple,
          chequers_serial_rivers_micro_b, grunt_ministairs_7
D:3:      layout_basic, gup_sewer_entry_pipe, minmay_misc_feat_columns,
          uniq_natasha, uniq_terence
D:4:      layout_rooms, lemuel_doored_altar,
          nicolae_dithmenos_through_a_glass_darkly,
          mainiacjoe_overflow_alcove_4, minivault_23, minmay_misc_feat_roman,
          uniq_grinder, uniq_edmund, uniq_eustachio, uniq_duvessa
D:5:      layout_gridville
D:6:      layout_loops_cross, st_stairs_8
D:7:      lemuel_bear_cage, layout_cave_pods, minitemple, temple_hall
D:8:      layout_gridville, lemuel_crystal_altar, uniq_harold
D:9:      layout_basic, nicolae_uskayaw_suspiria, minmay_lair_entry_grove,
          uniq_joseph
D:10:     layout_irregular_city, overflow_temple_1_default, fedhas_altar_1,
          minmay_orc_entry_temple_small
Lair:1:   layout_cave_pods
Lair:2:   layout_regular_city
Lair:3:   layout_regular_city, palyth_hydra_swamp_entry, grunt_megastairs_4
Lair:4:   hellmonk_warped_wall, layout_cave_pods, guppyfry_snake_entry_garden,
          kilobyte_rumbling_trees
Lair:5:   layout_cave_shapes, serial_bayou_shore_a, uniq_snorg, uniq_urug,
          uniq_nessos
Lair:6:   due_jungle_book, layout_concentric_octagons,
          nicolae_slime_entry_slimehenge

Skill      XL: |  1  2  3  4  5  6  7  8  9 10 11 12 13 |
---------------+----------------------------------------+-----
Dodging        | 1 2 3 4 5 7 9 10 | 10.0
Axes           | 3 4 5 6 7 9 10 12 13 | 13.9
Invocations    | 3 4 5 6 7 9 10 11 | 11.5
Armour         | 3 4 5 6 7 |  7.0
Fighting       | 4 5 6 7 9 |  9.3
Evocations     | 2 4 6 7 |  7.1
Shields        | 1 4 6 7 |  7.5

Action                   |  1- 3 |  4- 6 |  7- 9 | 10-12 | 13-15 || total
-------------------------+-------+-------+-------+-------+-------++-------
Melee: Hand axe          |    66 |       |       |       |       ||    66
       Whip              |    42 |   235 |   305 |   700 |   389 ||  1671
       Punch             |     1 |     2 |     2 |       |       ||     5
       Executioner's axe |       |       |       |     3 |       ||     3
Invok: Depart the Abyss  |     1 |       |       |       |       ||     1
       Banish            |       |       |       |    11 |     2 ||    13
       Bend Space        |       |       |       |     2 |     2 ||     4
Evoke: Wand              |       |       |    14 |     9 |     4 ||    27
  Use: Potion            |       |     1 |     2 |     6 |     3 ||    12
       Scroll            |       |     6 |       |     7 |     3 ||    16
Armor: Leather armour    |    31 |     7 |       |       |       ||    38
       Chain mail        |       |   113 |    74 |    10 |       ||   197
       Scale mail        |       |       |       |   115 |    73 ||   188
       Skin              |       |       |       |     1 |       ||     1
Dodge: Dodged            |    74 |   161 |   161 |   509 |   215 ||  1120
Block: Buckler           |       |       |    15 |   158 |    97 ||   270

Table legend: (Time is in decaauts)
 A = Elapsed time spent in this place.
 B = Non-inter-level travel time spent in this place.
 C = Inter-level travel time spent in this place.
 D = Time resting spent in this place.
 E = Time spent auto-exploring this place.
 F = Levels seen in this place.
 G = Mean time per level.
                   A        B        C        D        E       F      G
               +--------+--------+--------+--------+--------+-----+--------+
         Total |  22816 |  22246 |    570 |   5165 |  13221 |  18 | 1267.6 |
       Dungeon |  11787 |  11406 |    381 |   2092 |   7344 |  10 | 1178.7 |
          Lair |  10664 |  10475 |    189 |   2875 |   5821 |   6 | 1777.3 |
         Abyss |     57 |     57 |      0 |      0 |     55 |   1 |   57.0 |
         Sewer |    307 |    307 |      0 |    198 |      0 |   1 |  307.0 |
               +--------+--------+--------+--------+--------+-----+--------+

Top non-repeatable levels by time:
  Lair:4: 2501 daAuts
  Lair:5: 2224 daAuts
  Lair:2: 2147 daAuts
     D:7: 2015 daAuts
  Lair:3: 1484 daAuts
     D:8: 1409 daAuts
  Lair:1: 1395 daAuts
     D:9: 1393 daAuts
     D:4: 1319 daAuts
     D:3: 1288 daAuts
     D:6: 1147 daAuts
     D:5: 1123 daAuts
     D:2: 1085 daAuts
     D:1: 991 daAuts
  Lair:6: 911 daAuts

Table legend:
 A = Kills in this place as a percentage of kills in entire the game.
 B = Kills by you in this place as a percentage of kills by you in the entire game.
 C = Kills by friends in this place as a percentage of kills by friends in the entire game.
 D = Other kills in this place as a percentage of other kills in the entire game.
 E = Experience gained in this place as a percentage of experience gained in the entire game.
 F = Experience gained in this place divided by the number of levels of this place that you have seen.
                   A       B       C       D       E      F
               +-------+-------+-------+-------+-------+----------------------
         Total | 100.0 | 100.0 |   N/A | 100.0 | 100.0 | 2542.4
       Dungeon |  59.9 |  60.8 |   N/A |  25.0 |  23.3 | 1068.3
          Lair |  36.7 |  35.8 |   N/A |  75.0 |  76.5 | 5833.3
         Sewer |   3.3 |   3.4 |   N/A |   0.0 |   0.2 |  80.0
               +-------+-------+-------+-------+-------+----------------------
